 Dungeon Crawl Stone Soup version 0.25.1-2-g60ff931df9 (webtiles) character file.

Game seed: 5524759277415201058

2678 HawFromDerth the Thaumaturge (level 9, -5/47 HPs)
             Began as a Deep Elf Ice Elementalist on Sept 20, 2020.
             Was a Follower of Sif Muna.
             Slain by a hippogriff (6 damage)
             ... on level 7 of the Dungeon.
             The game lasted 00:29:01 (9007 turns).

HawFromDerth the Thaumaturge (DEIE)                 Turns: 9007, Time: 00:29:01

Health: -5/47      AC:  6    Str:  5    XL:     9   Next: 37%
Magic:  9/25       EV: 15    Int: 24    God:    Sif Muna [*.....]
Gold:   316        SH:  0    Dex: 21    Spells: 10/29 levels left

rFire    + . .     SeeInvis .   d - +1 dagger
rCold    + + +     Gourm    .   (no shield)
rNeg     . . .     Faith    .   s - +1 robe {rC+ rF+}
rPois    +         Spirit   .   (no helmet)
rElec    +         Reflect  .   (no cloak)
rCorr    +         Harm     .   (no gloves)
MR       .....                  k - +2 pair of boots
Stlth    ++++......             (no amulet)
HPRegen  0.15/turn              l - ring of ice
MPRegen  0.19/turn              m - +6 ring of dexterity

@: resistant, frozen ramparts
A: no striking features
a: Channel Magic, Renounce Religion


You were on level 7 of the Dungeon.
You worshipped Sif Muna.
Sif Muna was aware of your devotion.
You were not hungry.

You visited 2 branches of the dungeon, and saw 8 of its levels.

You collected 316 gold pieces.

Inventory:

Hand Weapons
 d - a +1 dagger (weapon)
Armour
 k - a +2 pair of boots (worn)
 s - a +1 robe of resistance (worn)
Jewellery
 i - a cursed ring of attention {unknown}
 l - a ring of ice (left hand)
 m - a +6 ring of dexterity (right hand)
Wands
 f - a wand of acid (7)
Scrolls
 e - 2 scrolls of amnesia
 g - 7 scrolls of identify
 n - a scroll of enchant armour
 r - 4 scrolls of remove curse
Potions
 j - a potion of haste
 o - 2 potions of stabbing
 q - a potion of cancellation
Comestibles
 c - 7 rations


   Skills:
 + Level 1.5 Fighting
 + Level 2.3 Short Blades
 + Level 4.3 Dodging
 + Level 6.3 Stealth
 + Level 10.6 Spellcasting
 + Level 2.3 Summonings
 + Level 9.2 Ice Magic
 + Level 0.5 Invocations


You had 10 spell levels left.
You knew the following spells:

 Your Spells              Type           Power        Failure   Level  Hunger
a - Freeze                Ice            ####         1%          1    None
b - Frozen Ramparts       Ice            ######       1%          3    None
c - Ozocubu's Armour      Chrm/Ice       ######..     2%          3    None
d - Hailstorm             Conj/Ice       ######..     8%          4    None
e - Summon Ice Beast      Ice/Summ       ######..     4%          4    None
f - Animate Dead          Necr           N/A          45%         4    None

Your spell library contained the following spells:

 Spells                   Type           Power        Failure   Level  Hunger
 Animate Skeleton         Necr           N/A          4%          1    None
 Beastly Appendage        Tmut           ##....       4%          1    None
 Pain                     Necr           ##..         4%          1    None
 Sticks to Snakes         Tmut           ##......     8%          2    None
 Ice Form                 Ice/Tmut       ######..     8%          4    None
 Spider Form              Tmut/Pois      ##........   16%         3    None
 Vampiric Draining        Necr           ##........   16%         3    None
 Agony                    Necr           ##......     80%         5    ####...
 Blade Hands              Tmut           ##........   80%         5    ####...


Dungeon Overview and Level Annotations

Branches:
Dungeon (7/15)             Temple (1/1) D:4

Altars:
Ashenzari
Cheibriados
Dithmenos
Elyvilon
Fedhas
Gozag
Hepliaklqana
Kikubaaqudgha
Makhleb
Nemelex Xobeh
Okawaru
Ru
Sif Muna
Trog
Uskayaw
Vehumet
Wu Jian
Xom
Yredelemnul
Zin
The Shining One

Shops:
D:5 *


Message History

Aiming: Freeze (safe; 1% risk of failure)
Press: ? - help, Shift-Dir - straight line, f - hippogriff
Aim: a hippogriff (moderately wounded)
You feel a surge of power!
You freeze the hippogriff.
The hippogriff is moderately wounded.
The wall freezes the hippogriff!
The hippogriff bites you but does no damage.
The hippogriff pecks you but does no damage.
The hippogriff barely misses you.
Casting: Freeze (safe; 1% risk of failure)
Confirm with . or Enter, or press ? or * to list all spells.
Aiming: Freeze (safe; 1% risk of failure)
Press: ? - help, Shift-Dir - straight line, f/p - hippogriff
Aim: a hippogriff (heavily wounded)
You feel a surge of power!
You freeze the hippogriff!
The hippogriff is almost dead.
The wall freezes the gnoll.
The wall freezes the hippogriff.
The hippogriff misses you. The hippogriff barely misses you.
The hippogriff claws you.
You die...

....#...####....(.c(.
... #...# ########### c.
#...###[.%## ####
#...##....?## ....#
#...#......%# ## ......
#...'.......# #.
#..a..##...#......$####.
#.....g#.Y.##....[##....
######
#....@H..###$.?#######
#....############# #####
#####....# #.# #.#
###...# #.# #.# #.....#
#.# #.# #.##.## #.# #.#
#.##.# ###.######.#
#.##.# #.......[..#
#.##.###.#.########


You could see a hippogriff, an ice beast, a worker ant (asleep) and a gnoll.

Vanquished Creatures
  The ghost of nyroko the Destroyer, a novice DECj of Vehumet (D:6)
  Duvessa (D:7)
  A sky beast (D:7)
  2 black bears
  2 ogres (D:4)
  2 centaurs
  4 bullfrogs
  A scorpion (D:6)
  7 killer bees (D:6)
  2 crimson imps
  A jelly (D:5)
  A bullfrog skeleton (D:5)
  A hound (D:7)
  A gnoll shaman (D:5)
  5 orc wizards
  An iguana (D:7)
  4 worker ants
  17 gnolls
  10 adders
  A shadow imp (D:5)
  3 oozes
  An adder zombie (D:5)
  A worm (D:2)
  3 leopard geckos
  29 orcs
  2 ball pythons (D:5)
  9 bats
  5 giant cockroaches
  10 goblins
  13 hobgoblins
  5 kobolds
  2 quokkas
  4 frilled lizards
  13 rats
  A toadstool (D:1)
166 creatures vanquished.

Vanquished Creatures (collateral kills)
  An ice beast (D:7)
  A sky beast (D:7)
  Dowan (D:7)
  A jelly (D:6)
  2 bullfrog skeletons (D:6)
  A killer bee zombie (D:7)
  A hound zombie (D:6)
  A howler monkey zombie (D:6)
  A worm (D:6)
10 creatures vanquished.

Vanquished Creatures (others)
  3 toadstools (D:1)
3 creatures vanquished.

Grand Total: 179 creatures vanquished

Notes
Turn   | Place    | Note
-------+----------+-------------------------------------------
     0 | D:1      | HawFromDerth the Deep Elf Ice Elementalist began the quest
                  | for the Orb.
     0 | D:1      | Reached XP level 1. HP: 10/10 MP: 6/6
   115 | D:1      | Reached XP level 2. HP: 14/15 MP: 0/8
   292 | D:1      | Reached skill level 5 in Ice Magic
   716 | D:1      | Reached XP level 3. HP: 7/19 MP: 5/9
  2016 | D:2      | Learned a level 3 spell: Frozen Ramparts
  2020 | D:2      | Learned a level 3 spell: Ozocubu's Armour
  2064 | D:2      | You fall into a shaft and drop 1 floor!
  2074 | D:3      | Reached XP level 4. HP: 13/24 MP: 6/11
  2077 | D:3      | Reached skill level 1 in Short Blades
  2478 | D:3      | Reached skill level 4 in Spellcasting
  2570 | D:3      | Reached XP level 5. HP: 24/28 MP: 8/13
  3448 | D:4      | Noticed an ogre
  3459 | D:4      | Learned a level 4 spell: Hailstorm
  3470 | D:4      | Noticed an ogre
  3474 | D:4      | Killed an ogre
  3474 | D:4      | Reached skill level 5 in Spellcasting
  3474 | D:4      | Reached XP level 6. HP: 9/32 MP: 10/16
  3821 | D:4      | Reached skill level 6 in Spellcasting
  3824 | D:4      | Reached XP level 7. HP: 24/37 MP: 13/18
  4108 | D:4      | Found a staircase to the Ecumenical Temple.
  4114 | D:4      | Learned a level 4 spell: Summon Ice Beast
  4152 | Temple   | Entered the Ecumenical Temple
  4322 | Temple   | Became a worshipper of Sif Muna the Loreminder
  4610 | D:4      | Found an iron altar of Okawaru.
  4610 | D:4      | Found a snail-covered altar of Cheibriados.
  4643 | D:5      | Entered Level 5 of the Dungeon
  4671 | D:5      | Found Heaskel's Assorted Antiques.
  4738 | D:5      | Found an ornate altar of the Wu Jian Council.
  5080 | D:5      | Found a bloodstained altar of Trog.
  5081 | D:5      | Found a sacrificial altar of Ru.
  5127 | D:5      | Found a basalt altar of Yredelemnul.
  5137 | D:5      | Reached skill level 7 in Spellcasting
  5474 | D:5      | Reached skill level 5 in Stealth
  5510 | D:5      | Found a hide-covered altar of Uskayaw.
  5668 | D:5      | Reached * piety under Sif Muna
  5684 | D:5      | HP: 1/37 [bullfrog skeleton (6)]
  5805 | D:5      | Reached XP level 8. HP: 6/42 MP: 21/21
  6343 | D:5      | Reached skill level 8 in Spellcasting
  6425 | D:5      | Reached skill level 1 in Fighting
  6572 | D:6      | Found a transporter.
  6666 | D:6      | Found a transporter.
  6953 | D:6      | Noticed nyroko's ghost (novice DECj)
  6991 | D:6      | Reached skill level 9 in Spellcasting
  6992 | D:6      | Reached skill level 1 in Summonings
  6993 | D:6      | Reached ** piety under Sif Muna
  6995 | D:6      | Killed nyroko's ghost
  7012 | D:6      | Reached XP level 9. HP: 8/47 MP: 14/24
  7502 | D:6      | Reached skill level 10 in Spellcasting
  7741 | D:6      | Learned a level 4 spell: Animate Dead
  8223 | D:7      | Noticed Duvessa
  8228 | D:7      | Noticed Dowan
  8235 | D:7      | Killed Duvessa
  8805 | D:7      | Killed Dowan
  9004 | D:7      | HP: 2/47 [hippogriff (5)]
  9007 | D:7      | Slain by a hippogriff

Illustrated notes

Levels and vault maps discovered:
D:1:      ldierk_water_garden, layout_basic, chequers_serial_rivers_small_b,
          minmay_tripent
D:2:      layout_rooms
D:3:      layout_loops_ring, first_ration, kennysheep_crisscross
D:4:      layout_rooms, gammafunk_temple_overflow_wave,
          minmay_temple_entry_trees
D:5:      layout_loops_corners, nicolae_overflow_crystal_walls,
          gammafunk_temple_overflow_statue, serial_shops,
          nicolae_shop_temple_entry_statues_fountains, hangedman_feature_mirror
D:6:      layout_basic, gammafunk_ghost_hive
D:7:      minmay_opposing_rooms, layout_loops_ring, grunt_ogre_cave,
          uniq_duvessa, uniq_harold
Temple:   lightli_temple_of_artemis

Skill      XL: |  1  2  3  4  5  6  7  8  9 |
---------------+----------------------------+-----
Ice Magic      | 5 6 7 8 9 |  9.2
Stealth        | 3 4 5 6 |  6.3
Short Blades   | 1 2 |  2.3
Spellcasting   | 4 5 6 7 9 10 | 10.6
Dodging        | 3 4 |  4.3
Fighting       | 1 |  1.5
Summonings     | 1 2 |  2.3
Invocations    | |  0.5

Action                   |  1- 3 |  4- 6 |  7- 9 || total
-------------------------+-------+-------+-------++-------
Melee: Unarmed           |    13 |       |       ||    13
       Dagger            |    45 |    12 |    72 ||   129
 Cast: Freeze            |    39 |    13 |    38 ||    90
       Frozen Ramparts   |     2 |    16 |    26 ||    44
       Summon Ice Beast  |       |       |    17 ||    17
       Hailstorm         |       |       |     1 ||     1
Invok: Channel Magic     |       |       |     1 ||     1
  Use: Scroll            |     6 |       |     5 ||    11
       Potion            |       |       |    11 ||    11
 Stab: Sleeping          |     9 |     4 |     7 ||    20
  Eat: Chunk             |     1 |     3 |     9 ||    13
       Ration            |     1 |     1 |     2 ||     4
Armor: Robe              |    10 |     4 |    26 ||    40
       Skin              |       |       |    11 ||    11
Dodge: Dodged            |    27 |    18 |   111 ||   156
